AoeStats
← deano earlhs

Nomad

510276443Analyzed
2v2 RM · 17h ago on Sep 30, 2026· 63m 52s· 4 players
Game mode
Random Map
Map size
176×176
Population
200
Speed
Normal
Resources
Standard
Victory
Conquest
Starting age
Dark Age
Ending age
Imperial Age
RankedLock teamsTeams togetherTeam positionsShared explorationLock speedFull tech treeHidden civsTurbo modeCheats
Victory
Defeat
🇮🇳 Malay · India
697
+17
🇹🇷 Goths · Türkiye
669
+18
🇦🇺 Chinese · Australia
779
-20
🇬🇧 Franks · United Kingdom
663
-15
bela29318
11:58 Loom
15:17 Feudal Age
14:59 Man-at-Arms
17:04 Double-Bit Axe
25:39 Castle Age
25:10 Forging
25:08 Horse Collar
28:22 Bow Saw
28:52 Wheelbarrow
28:26 Long Swordsman
30:25 Heavy Plow
33:57 Hand Cart
33:55 Gold Mining
35:56 Iron Casting
43:57 Imperial Age
44:24 Conscription
43:25 Elite Karambit Warrior
45:03 Crop Rotation
44:59 Forced Levy
47:57 Blast Furnace
47:42 Capped Ram
51:17 Two-Handed Swordsman
51:49 Heavy Scorpion
61:00 Fishing Lines
sburaks
15:45 Feudal Age
16:52 Double-Bit Axe
18:24 Wheelbarrow
19:53 Fishing Lines
21:41 Scale Barding Armor
21:47 Forging
25:12 Scale Mail Armor
31:18 Castle Age
30:47 Bloodlines
32:40 Husbandry
33:09 Gillnets
33:50 Hand Cart
33:59 Squires
34:17 Bow Saw
35:43 Horse Collar
36:25 Heavy Plow
35:53 Light Cavalry
37:53 Town Watch
37:39 Pikeman
40:47 Medium Warships
41:53 Treadmill Crane
45:04 Imperial Age
44:08 Chain Barding Armor
44:23 Iron Casting
44:03 Chain Mail Armor
46:58 Chemistry
47:02 Heavy Warships
47:53 Blast Furnace
47:09 Chain Mail Armor
46:17 Elite Huskarl
47:18 Conscription
47:03 Perfusion
47:26 Conscription
48:53 Ballistics
48:21 Cavalier
49:34 Siphons
49:54 Shipwright
49:43 Siphons
49:49 Clinker Construction
49:53 Careening
49:49 Siphons
52:39 Demolition Ship
54:48 Heavy Demolition Ship
DaddySween
4:37 Loom
14:38 Feudal Age
15:04 Double-Bit Axe
15:30 Gold Mining
15:32 Stone Mining
15:42 Stone Mining
15:35 Horse Collar
16:47 Wheelbarrow
22:53 Castle Age
22:10 Town Watch
23:50 Hand Cart
23:48 Bow Saw
23:40 Heavy Plow
28:29 Fletching
30:16 Bodkin Arrow
32:50 Stone Shaft Mining
32:57 Gold Shaft Mining
35:15 Padded Archer Armor
37:25 Ballistics
37:53 Town Patrol
38:37 Leather Archer Armor
38:41 Murder Holes
38:57 Masonry
43:03 Imperial Age
41:46 Thumb Ring
44:14 Conscription
43:57 Bracer
44:29 Ring Archer Armor
47:17 Architecture
47:48 Chemistry
49:48 Elite Chu Ko Nu
deano earlhs
16:41 Feudal Age
15:00 Loom
22:23 Wheelbarrow
22:24 Man-at-Arms
26:15 Padded Archer Armor
35:36 Castle Age
35:30 Fletching
36:00 Crossbowman
37:31 Squires
36:52 Pikeman
41:24 Guard Tower
Connection lost

Rejoining the realm…

Still unreachable

The connection could not be restored.

Session expired

The server has moved on; the page needs a fresh start.